 Dungeon Crawl Stone Soup version 0.29.1-13-g9f3cf754e1 (webtiles) character file.

Game seed: 6572629849510286066

2886 LustLizard the Grappler (level 9, -4/89 HPs)
             Began as a Troll Fighter on Jan 20, 2023.
             Slain by an orc warrior
             ... wielding a +0 war axe
              (10 damage)
             ... in a bailey.
             The game lasted 00:15:29 (5797 turns).

LustLizard the Grappler (Troll Fighter)             Turns: 5797, Time: 00:15:29

Health: -4/89      AC:  7    Str: 29    XL:     9   Next: 48%
Magic:  8/8        EV:  9    Int:  3    God:
Gold:   444        SH:  8    Dex:  9    Spells: 8/8 levels left

rFire   . . .      SeeInvis .     - Unarmed
rCold   . . .      Faith    +   b - +0 kite shield
rNeg    . . .      Spirit   .   a - +0 robe
rPois   +          Reflect  .   (helmet restricted)
rElec   .          Harm     .   r - +2 cloak
rCorr   .          Rampage  .   (gloves unavailable)
Will    .....                   (boots unavailable)
Stlth   +.........              m - amulet of Taleocho {Faith rPois Str+3 Int-5}
HPRegen 1.04/turn               (no ring)
MPRegen 0.11/turn               (no ring)

@: mighty
A: large, unfitting armour, claws 3, regeneration 1, shaggy fur 1, tough skin 1
a: no special abilities


You were in a bailey.
You visited 1 branch of the dungeon, and saw 7 of its levels.
You also visited: Sewer and Bailey.

You collected 444 gold pieces.

Inventory:

Missiles
 j - 25 boomerangs
 p - 2 poisoned darts
 v - 2 throwing nets
Armour
 a - a +0 robe (worn)
 b - a +0 kite shield (worn)
 r - a +2 cloak (worn)
Jewellery
 f - a ring of ice
 m - the amulet of Taleocho (around neck) {Faith rPois Str+3 Int-5}
   (You found it in a sewer)

   [amulet of faith]

   It allows you to gain divine favour quickly.
   Str:       It affects your strength (+3).
   Int:       It affects your intelligence (-5).
   rPois:     It protects you from poison.
 s - an amulet of faith
Wands
 t - a wand of digging (6)
 w - a wand of paralysis (4)
 B - a wand of flame (18) (quivered)
 C - a wand of light (6)
Scrolls
 d - 2 scrolls of magic mapping
 h - a scroll of enchant armour
 i - 3 scrolls of identify
 k - 2 scrolls of teleportation {unknown}
 l - a scroll of poison {unknown}
 o - a scroll of immolation {unknown}
 u - a scroll of fear {unknown}
 y - 2 scrolls of summoning {unknown}
 z - a scroll of noise {unknown}
Potions
 c - 2 potions of might
 e - 2 potions of mutation
 g - 3 potions of lignification
 n - 2 potions of brilliance
 q - 2 potions of berserk rage {unknown}
 x - a potion of cancellation {unknown}
 E - 2 potions of flight
Miscellaneous
 D - a phial of floods


   Skills:
 + Level 5.9 Fighting
 + Level 3.2 Dodging
 + Level 6.5 Shields
 * Level 9.4 Unarmed Combat


You had 8 spell levels left.
You didn't know any spells.
Your spell library contained the following spells:

 Spells                   Type           Power      Damage    Failure   Level
 Foxfire                  Conj/Fire      0%         2x1d4     78%         1
 Sting                    Tmut/Pois      0%         1d3       78%         1
 Summon Small Mammal      Summ           0%         N/A       78%         1
 Ensorcelled Hibernation  Hex/Ice        0%         N/A       89%         2
 Poisonous Vapours        Pois/Air       0%         N/A       89%         2
 Call Canine Familiar     Summ           0%         N/A       98%         3
 Conjure Flame            Conj/Fire      0%         6-21      98%         3
 Inner Flame              Hex/Fire       0%         N/A       98%         3
 Spider Form              Tmut/Pois      0%         N/A       98%         3
 Summon Guardian Golem    Hex/Summ       0%         N/A       98%         3
 Anguish                  Hex/Necr       0%         N/A       100%        4
 Flame Wave               Conj/Fire      0%         2d4       100%        4
 Olgreb's Toxic Radiance  Pois           0%         N/A       100%        4


Dungeon Overview and Level Annotations

Branches:
Dungeon (7/15)              Sewer (visited)          Bailey (1/1)
 Temple: D:4-7

Altars:


Innate Abilities, Weirdness & Mutations

You are too large for most types of armour.
You have claws for hands.
Your natural rate of healing is unusually fast.
You are covered in fur. (AC +1)
You have tough skin. (AC +1)


Message History

You kill the orc warrior!
You completely miss the goblin. The goblin barely misses you.
An orc warrior comes into view. It is wielding a +0 war axe.
You closely miss the goblin. You block the goblin's attack.
You mangle the goblin!!
You kill the goblin!
You barely miss the orc warrior.
You scratch the orc warrior but do no damage.
An orc comes into view. It is wielding a +0 war axe.
The orc warrior hits you but does no damage.
You scratch the orc warrior.
The orc warrior is lightly wounded.
You block the orc warrior's attack. x2
You closely miss the orc warrior.
The orc warrior is lightly wounded.
You block the orc warrior's attack. x2
You claw the orc warrior!
The orc warrior is severely wounded.
The orc warrior hits you with a +0 war axe!
You block the orc warrior's attack.
The orc warrior attacks as you move away!
The orc warrior hits you with a +0 war axe!
You barely miss the orc warrior. You block the orc warrior's attack.
You claw the orc warrior!
The orc warrior is moderately wounded.
The orc warrior hits you with a +0 war axe!
* * * LOW HITPOINT WARNING * * *
You closely miss the orc warrior.
The orc warrior is moderately wounded.
The orc warrior hits you with a +0 war axe!
* * * LOW HITPOINT WARNING * * *
You closely miss the orc warrior.
The orc warrior is moderately wounded.
The sentinel's mark upon you fades away.
The orc warrior hits you with a +0 war axe.
* * * LOW HITPOINT WARNING * * *
Unknown command.
You feel very mighty all of a sudden.
The orc warrior hits you with a +0 war axe!
You die...

≈≈≈≈≈≈##
#...o...####.≈≈~≈≈≈≈≈≈≈#
≈≈≈≈..#
####'####..#......≈≈≈≈≈≈
≈≈≈.### ooo.....###......####
≈~..# ##(.'!#.....### ....#
#..###.......## #...#
#..#....⌠.....# ##..######
##)#.........##
#.......#########og.........##
##.....†.....)†@oog......####
###########.#############
###.......##.# #∩.##....#..##
#############


You could see 2 orc warriors, an orc, a hobgoblin and a goblin.

Vanquished Creatures
  Sigmund (D:5)
  A steam dragon (D:7)
  3 water moccasins
  2 ice beasts (D:6)
  A sky beast (D:7)
  7 orc warriors
  3 black bears
  An ogre (D:7)
  A centaur (D:6)
  A phantom (D:6)
  2 scorpions
  2 bullfrogs (Sewer)
  A howler monkey (D:5)
  2 hounds (D:6)
  Crazy Yiuf (D:5)
  3 orc priests
  3 iguanas
  An orc wizard (D:6)
  A gnoll (Bailey)
  12 adders
  3 river rats (D:3)
  2 white imps
  2 worms (D:3)
  2 dart slugs
  15 orcs
  5 bats
  4 endoplasms
  10 giant cockroaches
  12 goblins
  4 hobgoblins
  4 jackals
  18 kobolds
  10 quokkas
  14 ball pythons
  8 frilled lizards
  9 rats
171 creatures vanquished.

Vanquished Creatures (others)
  An orc wizard (D:6)
  24 fungi (D:7)
25 creatures vanquished.

Grand Total: 196 creatures vanquished

Notes
Turn   | Place    | Note
-------+----------+-------------------------------------------
     0 | D:1      | LustLizard the Troll Fighter began the quest for the Orb.
     0 | D:1      | Reached XP level 1. HP: 22/22 MP: 0/0
   129 | D:1      | Reached XP level 2. HP: 28/29 MP: 1/1
   686 | D:2      | Reached XP level 3. HP: 32/36 MP: 2/2
   697 | D:2      | Reached skill level 3 in Unarmed Combat
  1260 | D:2      | Reached XP level 4. HP: 44/44 MP: 3/3
  1740 | D:3      | Found a glowing drain.
  1793 | D:3      | Found a faded altar of an unknown god.
  1803 | D:3      | Reached skill level 4 in Unarmed Combat
  1803 | D:3      | Reached XP level 5. HP: 53/53 MP: 4/4
  1889 | Sewer    | Entered a sewer
  2214 | Sewer    | Reached XP level 6. HP: 14/61 MP: 5/5
  2378 | Sewer    | Identified the amulet of Taleocho {Faith rPois Str+3 Int-5}
  3000 | D:4      | Reached skill level 5 in Unarmed Combat
  3402 | D:5      | Entered Level 5 of the Dungeon
  3437 | D:5      | Noticed a water moccasin
  3469 | D:5      | Reached XP level 7. HP: 59/68 MP: 6/6
  3515 | D:5      | Noticed Sigmund
  3529 | D:5      | Killed Sigmund
  3530 | D:5      | Reached skill level 6 in Unarmed Combat
  4082 | D:5      | Reached skill level 5 in Shields
  4174 | D:5      | Found a runed translucent door.
  4175 | D:5      | Noticed Crazy Yiuf
  4181 | D:5      | Killed Crazy Yiuf
  4182 | D:5      | Reached XP level 8. HP: 59/79 MP: 7/7
  4281 | D:6      | Reached skill level 7 in Unarmed Combat
  4728 | D:6      | Reached skill level 5 in Fighting
  4861 | D:6      | Reached skill level 8 in Unarmed Combat
  5229 | D:7      | Reached XP level 9. HP: 70/88 MP: 8/8
  5523 | D:7      | Found a flagged portal.
  5549 | Bailey   | Entered a bailey
  5624 | Bailey   | Reached skill level 9 in Unarmed Combat
  5797 | Bailey   | Slain by an orc warrior

Illustrated notes

Levels and vault maps discovered:
D:1:      amcnicky_arrival_underground_garden, layout_loops_ring
D:2:      minmay_chambers_of_ones, layout_basic
D:3:      layout_basic, hellmonk_ecumenical_altar_pennies_from_heaven,
          lightli_sewer_entry_pipes
D:4:      layout_basic
D:5:      layout_loops_ring, uniq_sigmund, uniq_crazy_yiuf_cottage
D:6:      layout_basic
D:7:      layout_basic, mainiacjoe_overflow_cross_hatched,
          lemuel_mausoleum_altar_kikubaaqudgha, minmay_temple_entry_crystal_x,
          enter_bailey_5, uniq_duvessa
Bailey:   bailey_axe_4, bailey

Skill      XL: |  1  2  3  4  5  6  7  8  9 |
---------------+----------------------------+-----
Shields        | 3 4 5 6 |  6.5
Unarmed Combat | 3 4 5 6 8 9 |  9.4
Fighting       | 3 4 5 |  5.9
Dodging        | 3 |  3.2

Action                   |  1- 3 |  4- 6 |  7- 9 || total
-------------------------+-------+-------+-------++-------
Melee: Unarmed           |   134 |   196 |   245 ||   575
Evoke: Wand              |       |       |     4 ||     4
  Use: Scroll            |       |     5 |       ||     5
       Potion            |       |       |     3 ||     3
 Stab: Sleeping          |       |     1 |       ||     1
Armor: Robe              |    37 |    63 |    74 ||   174
Dodge: Dodged            |    49 |    55 |    84 ||   188
Block: Kite shield       |    29 |    81 |   112 ||   222
